 Dungeon Crawl Stone Soup version 0.18.1-8-gdd0e5ea (webtiles) character file.

63 dcss12345 the Chopper (level 4, -4/38 HPs)
             Began as a Hill Orc Gladiator on May 14, 2016.
             Slain by Natasha (8 damage)
             ... on level 2 of the Dungeon on May 28, 2016.
             The game lasted 00:06:51 (1331 turns).

dcss12345 the Chopper (Hill Orc Gladiator)          Turns: 1331, Time: 00:06:52

Health: -4/38      AC:  4    Str: 18    XL:     4   Next: 10%
Magic:  4/4        EV:  7    Int:  8    God:
Gold:   98         SH:  0    Dex: 11    Spells: 0 memorised, 3 levels left

rFire  . . .     SeeInvis .     a - +0 war axe
rCold  . . .     Gourm    .     b - +0 leather armour
rNeg   . . .     Faith    .     (no shield)
rPois  .         Spirit   .     c - +0 helmet
rElec  .         Dismiss  .     (no cloak)
rCorr  .         Reflect  .     (no gloves)
SustAt .         Harm     .     (no boots)
MR     .....                    (no amulet)
Stlth  +.........               (no ring)
                                (no ring)

@: slowed, very slow, not resistant to hostile enchantments, very unstealthy
A: no striking features
a: no special abilities


You were on level 2 of the Dungeon.
You were not hungry.

You visited 1 branch of the dungeon, and saw 2 of its levels.

You collected 98 gold pieces.

Inventory:

Hand Weapons
 a - a +0 war axe (weapon)
Missiles
 d - 3 throwing nets (quivered)
 k - 12 poisoned needles
Armour
 b - a +0 leather armour (worn)
 c - a +0 helmet (worn)
Jewellery
 l - an uncursed ring of stealth {unknown}
Wands
 p - a wand of random effects (17/48)
Scrolls
 m - a scroll of noise {unknown}
Potions
 e - a potion of flight {unknown}
 h - a potion of ambrosia {unknown}
 i - 2 potions of lignification {unknown}
 j - 2 potions of curing {unknown}
 o - a potion of haste {unknown}
Comestibles
 f - a bread ration
 g - 3 chunks of flesh
 n - a beef jerky


   Skills:
 + Level 3.5 Fighting
 + Level 4.9 Axes
 - Level 1.7 Throwing
 + Level 2.1 Armour
 - Level 2.4 Dodging


You had 3 spell levels left.
You didn't know any spells.

Dungeon Overview and Level Annotations

Branches:
Dungeon (2/15)

Altars:
Gozag
Xom

Annotations:
D:2 Natasha, Sigmund


Message History

Natasha extends her claws.
Natasha claws you. Natasha casts a spell at you. The magic dart hits you!
* * * LOW HITPOINT WARNING * * *
Natasha howls an incantation.
You feel troubled. Natasha closely misses you. Natasha barely misses you.
Natasha extends her claws.
Natasha claws you.
* * * LOW HITPOINT WARNING * * *
Natasha casts a spell at you.
You feel as though you will be slow longer.
Natasha stares at you and mumbles some strange words.
You feel as though you will be slow longer.
There is a stone staircase leading up here.
You can't go down here!
Natasha claws you!
You die...

#.# #.._..# .......... #.#
###.#.# ##.........# #.#
#.....# #..... ... #.#
###.### #... #.#
#÷######..#####>#######†#
#.#....##.#........)....#
#.#....##.#.#.#.#..##...#
#.#....##..h#.#......._.#
#.#....##..@........#...#
#.............#.......#.#
###....##.#.#.....)##.#...
#.......#.#.##.#.##.#####
#....####.#.......#.#
#...## #.#....#..#.# #.###
#.####.#..#.# #.#
#.#....####.# #.# #.#.####
#.#


You could see Natasha.

Vanquished Creatures
  An adder (D:2)
  An ooze (D:2)
  A worm (D:2)
  2 dart slugs
  A giant gecko (D:1)
  A giant cockroach (D:1)
  4 goblins (D:1)
  7 hobgoblins
  7 jackals (D:1)
  6 kobolds
  2 ball pythons (D:1)
  2 giant newts (D:2)
  3 rats (D:1)
38 creatures vanquished.

Notes
Turn   | Place    | Note
--------------------------------------------------------------
     0 | D:1      | dcss12345 the Hill Orc Gladiator began the quest for the Orb.
     0 | D:1      | Reached XP level 1. HP: 18/18 MP: 1/1
     1 | D:1      | Upgraded the game from 0.18.1-5-g4a78601 to 0.18.1-8-gdd0e5ea
   130 | D:1      | Reached XP level 2. HP: 21/25 MP: 2/2
   132 | D:1      | Reached skill level 1 in Armour
   358 | D:1      | Reached XP level 3. HP: 31/31 MP: 3/3
   967 | D:2      | Found an opulent altar of Gozag.
  1100 | D:2      | Reached XP level 4. HP: 23/38 MP: 4/4
  1279 | D:2      | Found a shimmering altar of Xom.
  1290 | D:2      | Noticed Natasha
  1290 | D:2      | Noticed Sigmund
  1331 | D:2      | Slain by Natasha

Skill      XL: |  1  2  3 |
---------------+----------+-----
Armour         | 1 2 |  2.1
Fighting       | 3 |  3.5
Axes           | |  4.9
Throwing       | |  1.7
Dodging        | |  2.4

Action                   |  1- 3 |  4- 6 || total
-------------------------+-------+-------++-------
Melee: War axe           |   114 |    16 ||   130
  Eat: Chunk             |     1 |     1 ||     2
Armor: Leather armour    |    34 |     1 ||    35
Dodge: Dodged            |    58 |    13 ||    71
